 Dungeon Crawl Stone Soup version 0.32-a0-571-gec57dfcd37 (webtiles) character file.

Game seed: 1595207486020492942

23 hikkokomori the Conjurer (level 2, -1/20 (24) HPs)
             Began as a Mountain Dwarf Wanderer on Mar 1, 2024.
             Slain by a ribbon worm (5 damage)
             ... on level 2 of the Dungeon.
             The game lasted 00:03:41 (1007 turns).

hikkokomori the Conjurer (Mountain Dwarf Wanderer)  Turns: 1007, Time: 00:03:41

HP:   -1/20 (24)    AC:  3    Str: 13    XL:     2   Next: 72%
MP:   5/5           EV: 11    Int: 16    God:
Gold: 78            SH:  0    Dex:  6    Spells: 4/5 levels left

rFire   . . .        i - +0 short sword
rCold   . . .        (no shield)
rNeg    . . .        c - +0 robe
rPois   .            (no helmet)
rElec   .            (no cloak)
rCorr   .            (no gloves)
SInv    .            d - +0 pair of boots
Will    .....        (no amulet)
Stlth   +            (no ring)
HPRegen 0.23/turn    (no ring)
MPRegen 0.09/turn

%: no passive effects
@: heavily drained
A: runic magic, artefact enchanting
a: no special abilities


You were on level 2 of the Dungeon.
You visited 1 branch of the dungeon, and saw 2 of its levels.

You collected 78 gold pieces.

Inventory:

Hand Weapons
 a - a +0 club
 i - a +0 short sword (weapon)
Armour
 c - a +0 robe (worn)
 d - a +0 pair of boots (worn)
Potions
 b - a potion of lignification
 e - 2 potions of haste {unknown}
 f - 2 potions of berserk rage {unknown}
 g - a potion of enlightenment {unknown}
 h - 3 potions of curing {unknown}


   Skills:
 + Level 2.0 Fighting
 - Level 2.1 Dodging
 - Level 1.0 Stealth
 - Level 2.0 Spellcasting
 - Level 3.0 Conjurations
 - Level 1.0 Alchemy


You had 4 spell levels left.
You knew the following spells:

 Your Spells              Type           Power      Damage    Failure   Level
a - Kiss of Death         Conj/Necr      24%        2d7       11%         1

Your spell library contained the following spells:

 Spells                   Type           Power      Damage    Failure   Level
 Shock                    Conj/Air       24%        1d4       11%         1
 Mercury Vapours          Alch/Air       6%         N/A       26%         2
 Cigotuvi's Dreadful Rot  Necr/Alch/Air  4%         N/A       28%         2
 Hailstorm                Conj/Ice       6%         3d5       32%         3


Dungeon Overview and Level Annotations

Branches:
Dungeon (2/15)

Altars:

Annotations:
D:1 1 runed translucent door


Innate Abilities, Weirdness & Mutations

Your spellcasting is much less encumbered by armour.
You can use scrolls of enchantment on lesser artefacts.


Message History

You are caught in a web!
You are caught in a web!
You are caught in a web!
You are caught in a web!
You are caught in a web!
You are caught in a web!
You are caught in a web!
You are caught in a web!
You are caught in a web!
You are caught in a web!
You are caught in a web!
You are caught in a web!
You are caught in a web!
You are caught in a web!
Unknown command.
The web tears apart.
The ribbon worm closely misses you.
The ribbon worm attacks as it pursues you!
The ribbon worm bites you. The ribbon worm closely misses you.
You hit the ribbon worm.
The ribbon worm is lightly wounded.
The ribbon worm bites you but does no damage.
You barely miss the ribbon worm.
The ribbon worm is lightly wounded.
The ribbon worm closely misses you.
You hit the ribbon worm but do no damage.
You hit the ribbon worm.
The ribbon worm is lightly wounded.
The ribbon worm bites you!
You hit the ribbon worm.
The ribbon worm is lightly wounded.
The ribbon worm closely misses you.
You hit the ribbon worm.
The ribbon worm is lightly wounded.
The ribbon worm bites you.
* * * LOW HITPOINT WARNING * * *
You hit the ribbon worm.
The ribbon worm is lightly wounded.
The ribbon worm bites you.
You die...

.........#
........#
.......###
w....... #
.....##.#
......
########.#.##
#.....@ww...#
#..#####....#
#...........#
#..######.###
#...# <.
##..# .#.
#..# .#.#
#<.# .. #
#..#


You could see 2 ribbon worms.

Vanquished Creatures
  An endoplasm (D:1)
  A giant cockroach (D:1)
  3 goblins (D:1)
  4 hobgoblins (D:1)
  A jackal (D:1)
  3 kobolds (D:1)
  A quokka (D:1)
  2 bats (D:1)
  3 rats (D:1)
19 creatures vanquished.

Notes
Turn   | Place    | Note
-------+----------+-------------------------------------------
     0 | D:1      | hikkokomori the Mountain Dwarf Wanderer began the quest for
                  | the Orb.
     0 | D:1      | hikkokomori set off with the following items: a +0 club, a
                  | potion of lignification, a +0 robe, a +0 pair of boots; and
                  | the following spells available to memorise: Kiss of Death,
                  | Shock, Mercury Vapours, Cigotuvi's Dreadful Rot, Hailstorm.
     0 | D:1      | Reached XP level 1. HP: 14/14 MP: 3/3
     1 | D:1      | Found a runed translucent door.
   120 | D:1      | Learned a level 1 spell: Kiss of Death
   260 | D:1      | Reached skill level 1 in Fighting
   262 | D:1      | Reached XP level 2. HP: 19/23 MP: 5/5
   519 | D:1      | Reached skill level 3 in Conjurations
  1007 | D:2      | Slain by a ribbon worm

Illustrated notes

Levels and vault maps discovered:
D:1:      dpeg_arrival_caged_fury, layout_loops_ring,
          chequers_serial_rivers_micro_c
D:2:      layout_basic, serial_shops, shop, hangedman_decor_opposing,
          dreamdust_wishing_well, eino_curves_02

Skill      XL: |  1  2 |
---------------+-------+-----
Spellcasting   | 2 |  2.0
Fighting       | 1 2 |  2.0
Conjurations   | 3 |  3.0
Dodging        | |  2.1
Stealth        | |  1.0
Alchemy        | |  1.0

Action                     || total
---------------------------++-------
  Melee: Club              ||   102
         Short sword       ||     9
   Cast: Kiss of Death     ||     1
   Stab: Sleeping          ||     1
 Armour: Robe              ||    96
  Dodge: Dodged            ||    82

Table legend: (Time is in decaauts)
 A = Elapsed time spent in this place.
 B = Non-inter-level travel time spent in this place.
 C = Inter-level travel time spent in this place.
 D = Time resting spent in this place.
 E = Time spent auto-exploring this place.
 F = Levels seen in this place.
 G = Mean time per level.
                   A        B        C        D        E       F      G
               +--------+--------+--------+--------+--------+-----+--------+
         Total |   1037 |   1010 |     27 |      2 |    741 |   2 |  518.5 |
       Dungeon |   1037 |   1010 |     27 |      2 |    741 |   2 |  518.5 |
               +--------+--------+--------+--------+--------+-----+--------+

Top non-repeatable levels by time:
     D:1: 1012 daAuts
     D:2: 24 daAuts
